 Dungeon Crawl Stone Soup version 0.23.0 (webtiles) character file.

Game seed: 1190595756317839961

445 tatocazan the Sneak (level 7, -4/61 HPs)
             Began as a Naga Transmuter on Feb 17, 2019.
             Slain by Edmund
             ... wielding a +0 dire flail of draining
              (13 damage)
             ... on level 5 of the Dungeon.
             The game lasted 00:12:53 (8013 turns).

tatocazan the Sneak (Naga Transmuter)               Turns: 8013, Time: 00:12:53

Health: -4/61      AC:  4    Str: 13    XL:     7   Next: 3%
Magic:  11/11      EV:  9    Int: 15    God:
Gold:   265        SH:  0    Dex: 11    Spells: 6/12 levels left

rFire    . . .     SeeInvis +     - Unarmed
rCold    . . .     Gourm    .   (no shield)
rNeg     . . .     Faith    .   b - +0 robe
rPois    +         Spirit   .   (no helmet)
rElec    .         Reflect  .   c - +0 cloak
rCorr    .         Harm     .   (no gloves)
MR       .....                  (no barding)
Stlth    ++........             (no amulet)
HPRegen  0.20/turn              (no ring)
MPRegen  0.12/turn              (no ring)

@: drained, very slow
A: large, see invisible, deformed body, poison resistance, slowness 2, slow
metabolism 1, spit poison 1, AC +2
a: Spit Poison


You were on level 5 of the Dungeon.
You were not hungry.

You visited 1 branch of the dungeon, and saw 5 of its levels.
You also visited: Ossuary.

You collected 265 gold pieces.

Inventory:

Missiles
 a - 57 arrows
 f - 97 stones (quivered)
Armour
 b - a +0 robe (worn)
 c - a +0 cloak (worn)
 p - a +1 shield
 r - the +2 scale mail of the Dwarven Hall {*Drain rC+ Regen+ Int+9, unknown}
   (You found it on level 4 of the Dungeon)

   It affects your intelligence (+9).
   It protects you from cold.
   It increases your rate of regeneration.
   It causes draining when unequipped.
 t - a +0 leather armour of poison resistance
Wands
 o - a wand of polymorph (3)
Scrolls
 e - 3 scrolls of remove curse {unknown}
 g - 2 scrolls of noise {unknown}
 j - a scroll of identify
 k - 2 scrolls of fear {unknown}
 l - 2 scrolls of enchant weapon
 n - a scroll of immolation {unknown}
 s - 2 scrolls of magic mapping
 u - 2 scrolls of amnesia {unknown}
 v - a scroll of enchant armour
Potions
 h - a potion of might
 i - 3 potions of curing
 m - a potion of agility
 q - a potion of heal wounds
Comestibles
 d - 6 rations


   Skills:
 + Level 2.7(1.7) Fighting
 - Level 1.5(0.6) Dodging
 + Level 4.1(3.1) Stealth
 + Level 1.5(0.5) Shields
 + Level 4.0(3.0) Unarmed Combat
 + Level 3.1(2.1) Spellcasting
 + Level 3.4(2.4) Transmutations
 + Level 2.6(1.6) Poison Magic


You had 6 spell levels left.
You knew the following spells:

 Your Spells              Type           Power        Failure   Level  Hunger
a - Beastly Appendage     Tmut           #.....       9%          1    #......
b - Sticks to Snakes      Tmut           #.......     12%         2    ###....
c - Spider Form           Tmut/Pois      #.........   28%         3    ###....

Your spell library contained the following spells:

 Spells                   Type           Power        Failure   Level  Hunger
 Ice Form                 Ice/Tmut       #.......     80%         4    #####..
 Blade Hands              Tmut           #.........   92%         5    ######.


Dungeon Overview and Level Annotations

Branches:
Dungeon (5/15)
 Temple: D:4-7

Altars:
Elyvilon
Gozag
Hepliaklqana
Kikubaaqudgha
Uskayaw

Annotations:
D:2 Sigmund
D:5 Edmund


Innate Abilities, Weirdness & Mutations

You cannot wear boots.
Your serpentine skin is tough. (AC +2)
You have supernaturally acute eyesight. (SInv)
Armour fits poorly on your strangely shaped body.
Your system is resistant to poisons. (rPois)
You cover ground very slowly.
You have a slow metabolism.
You can spit poison.


Message History

You take 6 damage, and have 35/61 hp.
The water moccasin skeleton barely misses you.
The phantom hits you!
The phantom blinks!
The water moccasin skeleton bites you.
You take 12 damage, and have 23/61 hp.
The phantom blinks!
The phantom blinks!
The water moccasin skeleton closely misses you.
MP restored: 11 The phantom blinks!
The water moccasin skeleton bites you.
Edmund zaps a wand.
The puff of flame hits you!
* * * LOW HITPOINT WARNING * * *
You take 8 damage, and have 15/61 hp.
Edmund says, "A flail is better than a scythe, any day of the week!"
The water moccasin skeleton bites you!
* * * LOW HITPOINT WARNING * * *
You take 6 damage, and have 9/61 hp.
You see here a +1 mace of draining.
Edmund hits you with a +0 dire flail of draining!
You die...

#...#. #....
#....##.#..
######....#.#.###
......^...#.##..
...........##...
...............
#.#...........
#########.#..)...##...
#...(@@.W.......#.##..
#((...Z()......#.#@###
#......)÷(.....##$#...
#......(..(...#.##....
#..........(.#.#......
######...##..##.......
###.##.#.........
#.##...........
#.####.......#§


You could see Edmund, a phantom and a water moccasin skeleton.

Vanquished Creatures
  A big kobold (D:5)
  A crimson imp (D:5)
  A bullfrog skeleton (D:4)
  A hound (D:4)
  2 orc wizards
  2 worker ants (D:4)
  2 mummies
  2 worker ant zombies
  3 adders
  An ooze (D:1)
  An adder skeleton (D:4)
  A dart slug (D:1)
  6 leopard geckos
  13 orcs
  4 bats
  6 giant cockroaches
  2 goblins (D:3)
  8 hobgoblins
  3 jackals (D:5)
  13 kobolds
  3 quokkas (D:4)
  5 frilled lizards
  2 orc zombies (Ossuary)
  7 rats
90 creatures vanquished.

Vanquished Creatures (collateral kills)
  A hound skeleton (D:4)
  2 hobgoblin zombies (Ossuary)
3 creatures vanquished.

Vanquished Creatures (others)
  A human (D:2)
1 creature vanquished.

Grand Total: 94 creatures vanquished

Notes
Turn   | Place    | Note
-------+----------+-------------------------------------------
     0 | D:1      | tatocazan the Naga Transmuter began the quest for the Orb.
     0 | D:1      | Reached XP level 1. HP: 18/18 MP: 3/3
   102 | D:1      | Reached skill level 1 in Stealth
   102 | D:1      | Reached XP level 2. HP: 18/25 MP: 3/5
   122 | D:1      | Learned a level 2 spell: Sticks to Snakes
  1361 | D:2      | Found an ancient bone altar of Kikubaaqudgha.
  1361 | D:2      | Noticed a human
  1364 | D:2      | Killed a human
  1386 | D:2      | Noticed Sigmund
  1418 | D:2      | Reached XP level 3. HP: 31/31 MP: 4/6
  2405 | D:3      | Learned a level 3 spell: Spider Form
  2612 | D:3      | Reached XP level 4. HP: 23/39 MP: 7/7
  2891 | D:3      | Found a hazy altar of Hepliaklqana.
  3724 | D:3      | Reached skill level 1 in Poison Magic
  4175 | D:4      | Found a sand-covered staircase.
  4176 | D:4      | Found a hide-covered altar of Uskayaw.
  4185 | Ossuary  | Entered an ossuary
  4197 | Ossuary  | Reached XP level 5. HP: 44/45 MP: 5/8
  4638 | D:4      | Found an opulent altar of Gozag.
  5479 | D:4      | Got a brightly glowing scale mail
  5693 | D:4      | Found a white marble altar of Elyvilon.
  6009 | D:4      | Reached skill level 1 in Shields
  6009 | D:4      | Reached XP level 6. HP: 25/54 MP: 10/10
  6465 | D:5      | Entered Level 5 of the Dungeon
  7319 | D:5      | Noticed Edmund
  7929 | D:5      | Reached XP level 7. HP: 52/61 MP: 7/11
  8013 | D:5      | Slain by Edmund

Skill      XL: |  1  2  3  4  5  6 |
---------------+-------------------+-----
Stealth        | 1 2 3 4 |  4.1
Poison Magic   | 1 2 |  2.6
Fighting       | 2 |  2.7
Transmutations | 3 |  3.4
Shields        | 1 |  1.5
Spellcasting   | 3 |  3.1
Unarmed Combat | 4 |  4.0
Dodging        | |  1.5

Action                   |  1- 3 |  4- 6 |  7- 9 || total
-------------------------+-------+-------+-------++-------
Melee: Unarmed           |   122 |   276 |     4 ||   402
       Headbutt          |    16 |    20 |       ||    36
       Punch             |       |     4 |       ||     4
 Cast: Beastly Appendage |    21 |    19 |       ||    40
       Sticks to Snakes  |     5 |    11 |       ||    16
       Spider Form       |       |     6 |     1 ||     7
 Abil: Spit Poison       |     1 |     4 |       ||     5
  Use: Scroll            |       |     7 |       ||     7
       Potion            |       |     2 |       ||     2
 Stab: Sleeping          |     5 |       |       ||     5
  Eat: Chunk             |     5 |     5 |       ||    10
       Ration            |       |     3 |       ||     3
Armor: Robe              |    26 |    72 |       ||    98
       Skin              |       |     5 |       ||     5
Dodge: Dodged            |    60 |   206 |     5 ||   271
